 Dungeon Crawl Stone Soup version 0.22-a0-469-gf26638a (webtiles) character file.

29 DrEnzyme the Magician (level 3, -3/23 HPs)
             Began as an Octopode Wanderer on June 11, 2018.
             Slain by a gnoll
             ... wielding a +0 flail
              (9 damage)
             ... on level 2 of the Dungeon.
             The game lasted 00:02:38 (1519 turns).

DrEnzyme the Magician (Octopode Wanderer)           Turns: 1519, Time: 00:02:38

Health: -3/23      AC:  1    Str: 12    XL:     3   Next: 16%
Magic:  7/7        EV: 12    Int: 15    God:
Gold:   0          SH:  0    Dex: 10    Spells: 8/8 levels left

rFire    . . .     SeeInvis +   (no weapon)
rCold    . . .     Gourm    .   (no shield)
rNeg     . . .     Faith    .   (helmet restricted)
rPois    .         Spirit   .   (no amulet)
rElec    .         Reflect  .   j - ring of see invisible
rCorr    .         Harm     .   (no ring)
MR       .....                  (no ring)
Stlth    +++.......             (no ring)
HPRegen  0.07/turn              (no ring)
MPRegen  0.10/turn              (no ring)
                                (no ring)
                                (no ring)

@: no status effects
A: almost no armour, stealthy swim, amphibious, 8 rings, constrict 8, camouflage
1, gelatinous body 1
a: no special abilities


You were on level 2 of the Dungeon.
You were hungry.

You visited 1 branch of the dungeon, and saw 2 of its levels.

Inventory:

Hand Weapons
 a - a +2 dagger
Jewellery
 j - a ring of see invisible (left tentacle)
Scrolls
 c - a scroll of immolation {unknown}
 f - a scroll of noise {unknown}
 g - a scroll of teleportation {unknown}
 h - a scroll of remove curse {unknown}
 i - a scroll of identify
Potions
 b - 2 potions of haste
 e - a potion of cancellation {unknown}
Comestibles
 d - 2 rations


   Skills:
 + Level 1.0 Fighting
 + Level 0.9 Dodging
 + Level 3.2 Stealth
 + Level 0.9 Unarmed Combat
 + Level 3.2 Spellcasting
   Level 3.0 Charms
   Level 1.0 Summonings
   Level 1.0 Fire Magic


You had 8 spell levels left.
You didn't know any spells.
Your spell library contained the following spells:

 Spells                   Type           Power        Failure   Level  Hunger
 Ignite Poison            Fire/Tmut/Pois #.......     45%         3    ###....
 Beastly Appendage        Tmut           #.....       21%         1    #......


Dungeon Overview and Level Annotations

Branches:
Dungeon (2/15)

Altars:


Innate Abilities, Weirdness & Mutations

You cannot wear most types of armour.
You are very stealthy in the water. (Stealth+)
You are amphibious.
You can wear up to eight rings at the same time.
You can use your tentacles to constrict eight enemies at once.
Your skin changes colour to match your surroundings (Stealth+).
Your rubbery body absorbs attacks. (AC +1, EV +1)


Message History

A gnoll comes into view.
It is wielding a flail. 2 gnolls come into view.
The gnoll shouts! x2
A goblin comes into view. It is wielding a dagger.
The gnoll shouts!
You see here 22 stones.
There is an open door here.
There is a stone staircase leading up here.
You tentacle-slap the gnoll but do no damage.
Your grab misses the gnoll. You tentacle-slap the gnoll.
Your grab misses the gnoll. Your squeeze misses the gnoll.
The gnoll is moderately wounded.
The gnoll hits you with a whip. The gnoll hits you with a flail!
Ouch! That really hurt!
* * * LOW HITPOINT WARNING * * *
You can't go down here!
Unknown command.
The gnoll closely misses you. The gnoll hits you with a flail!
You die...

#g# #g# ####.#
#)...#
#...g#####
#....'...#
#....###.#####
#....#gg.....#
###'##@#.###.#
#.##.#.###.#
#.##.#.....#
#.##.#######
#....# ......
...... .......
........


You could see 2 gnolls.

Vanquished Creatures
  A ball python (D:1)
  3 bats (D:1)
  2 giant cockroaches (D:1)
  3 goblins (D:1)
  4 hobgoblins (D:1)
  4 jackals (D:1)
  2 kobolds (D:1)
  A frilled lizard (D:1)
  3 rats (D:1)
23 creatures vanquished.

Notes
Turn   | Place    | Note
-------+----------+-------------------------------------------
     0 | D:1      | DrEnzyme the Octopode Wanderer began the quest for the Orb.
     0 | D:1      | DrEnzyme set off with: a +2 dagger, a potion of haste, a ration
     0 | D:1      | Reached XP level 1. HP: 11/11 MP: 4/4
   346 | D:1      | Reached XP level 2. HP: 9/17 MP: 6/6
   971 | D:1      | Reached XP level 3. HP: 15/22 MP: 7/7
  1294 | D:1      | Reached skill level 1 in Fighting
  1519 | D:2      | Slain by a gnoll

Vault maps used:
D:1:      sevenhm_arrival_forest_fort_large_1
D:2:      cheibriados_altar_1, lemuel_round_altar, uniq_terence, uniq_jessica

Skill      XL: |  1  2  3 |
---------------+----------+-----
Stealth        | 3 |  3.2
Fighting       | 1 |  1.0
Dodging        | |  0.9
Unarmed Combat | |  0.9
Spellcasting   | |  3.2
Charms         | |  3.0
Summonings     | |  1.0
Fire Magic     | |  1.0

Action                   || total
-------------------------++-------
Melee: Dagger            ||     7
       Unarmed           ||    60
       Constrict         ||    15
       Tentacles         ||    13
  Use: Scroll            ||     1
 Stab: Sleeping          ||     2
  Eat: Chunk             ||     1
Armor: Skin              ||     7
Dodge: Dodged            ||    35

Table legend:
 A = Spawn XP
 B = Non-spawn XP
 C = Spawn XP percentage of total XP
 D = Spawn monster count
 E = Non-spawn monster count
 F = Spawn count percentage of total count
 G = Total turns spent on level
                    A         B        C        D         E        F      G
               +---------+---------+-------+---------+---------+-------+---------
         Total |       0 |      42 |   0.0 |       0 |      23 |   0.0 |  1519
               +---------+---------+-------+---------+---------+-------+---------
           D:1 |       0 |      42 |   0.0 |       0 |      23 |   0.0 |  1441
               +---------+---------+-------+---------+---------+-------+---------
